 Dungeon Crawl Stone Soup version 0.31-a0-692-gf03d1854d5 (webtiles) character file.

Game seed: 651359731882597120

232994 qw the Slayer (level 19, -14/137 HPs)
             Began as a Gargoyle Hunter on Sept 6, 2023.
             Was a High Priest of Okawaru.
             Killed from afar by a fire giant (27 damage)
             ... with a fireball
             ... on level 2 of the Vaults.
             The game lasted 00:20:32 (31205 turns).

qw the Slayer (Gargoyle Hunter)                    Turns: 31205, Time: 00:20:32

Health: -14/137    AC: 36    Str: 20    XL:     19   Next: 55%
Magic:  35/35      EV: 25    Int: 10    God:    Okawaru [*****.]
Gold:   2312       SH:  0    Dex: 24    Spells: 18/18 levels left

rFire   . . .        o - +9 longbow of Blood {flame, rC+ rCorr SInv}
rCold   + . .        (shield currently unavailable)
rNeg    + . .        b - +0 robe "Muzainoc" {Dex+8}
rPois   inf          s - +0 helmet
rElec   +            h - +2 cloak {rCorr}
rCorr   +            m - +2 pair of gloves
SInv    +            l - +1 pair of boots "Rineleikh" {Contam Regen+ MP+9 Stlth+}
Will    +....        f - amulet of faith
Stlth   +++          w - +4 ring of protection
HPRegen 1.22/turn    x - +4 ring of protection
MPRegen 0.24/turn

%: faith
@: about to teleport, flying
A: sickness immunity, AC +14, big wings, negative energy resistance 1,
electricity resistance, torment resistance 1, petrification resistance, clumsy
1, strong 1, MP-powered wands
}: 1/15 runes: decaying
a: Renounce Religion, Heroism, Finesse, Duel


You were on level 2 of the Vaults.
You worshipped Okawaru.
Okawaru was extremely pleased with you.
You visited 7 branches of the dungeon, and saw 32 of its levels.
You visited the Abyss 1 time.
You also visited: Gauntlet.

You collected 3195 gold pieces.
You spent 883 gold pieces at shops.


Innate Abilities, Weirdness & Mutations

You are immune to sickness and miasma.
Your stone body is resilient. (AC +14)
You are immune to poison.
Your large and strong wings let you fly.
You resist negative energy. (rN+)
You are resistant to electric shocks. (rElec)
You are resistant to unholy torment.
You are immune to petrification.
You are clumsy. (Dex -2)
Your muscles are strong. (Str +4, Int/Dex -1)
You expend magic power (3 MP) to strengthen your wands.


   Skills:
 + Level 21.2 Fighting
 - Level 20.0 Ranged Weapons
 - Level 10.0 Armour
 - Level 15.0 Dodging
 - Level 1.1 Stealth
 - Level 10.0 Invocations


You had 18 spell levels left.
You didn't know any spells.
Your spell library was empty.

Inventory:

Hand Weapons
 o - the +9 longbow of Blood (weapon) {flame, rC+ rCorr SInv}
   (Okawaru gifted it to you on level 4 of the Swamp)

   rC+:       It protects you from cold.
   SInv:      It lets you see invisible.
   rCorr:     It protects you from acid and corrosion.
Armour
 b - the +0 robe "Muzainoc" (worn) {Dex+8}
   (You found it on level 3 of the Dungeon)

   Dex+8:     It affects your dexterity (+8).
 h - a +2 cloak of preservation (worn)
 k - the +2 hat of the Old World {Harm rElec Will-}
   (Okawaru gifted it to you on level 2 of the Spider Nest)

   rElec:     It insulates you from electricity.
   Will-:     It decreases your willpower.
   Harm:      It increases damage dealt and taken.
 l - the +1 pair of boots "Rineleikh" (worn) {Contam Regen+ MP+9 Stlth+}
   (Okawaru gifted it to you on level 1 of the Swamp)

   MP+9:      It affects your magic capacity (+9).
   Contam:    It causes magical contamination when unequipped.
   Regen+:    It increases your rate of health regeneration.
   Stlth+:    It makes you more stealthy.
 m - a +2 pair of gloves (worn)
 s - a +0 helmet (worn)
Jewellery
 f - an amulet of faith (around neck)
 i - a ring of fire
 t - an amulet of the acrobat
 w - a +4 ring of protection (left hand)
 x - a +4 ring of protection (right hand)
 Y - the ring of a Thousand Beasts {rF+ rN+ SInv}
   (You found it on level 3 of the Lair of Beasts)

   [ring of see invisible]

   rF+:       It protects you from fire.
   rN+:       It protects you from negative energy.
   SInv:      It lets you see invisible.
Wands
 c - a wand of digging (12)
Scrolls
 a - 8 scrolls of teleportation
 d - 16 scrolls of identify
Potions
 e - 5 potions of haste
 g - 10 potions of curing
 j - 2 potions of resistance
 p - a potion of mutation
 q - 3 potions of might
 r - a potion of enlightenment
 v - 3 potions of magic

Dungeon Overview and Level Annotations

Branches:
Dungeon (15/15)            Temple (1/1) D:4            Lair (5/5) D:8
  Swamp (4/4) Lair:2       Spider (3/4) Lair:3        Slime (0/5) Lair:5
    Orc (2/2) D:11            Elf (0/3) Orc:2        Vaults (2/5) D:13
 Depths (0/4) D:15        Gauntlet (visited)
  Crypt: Vaults:2-3

Altars:
Ashenzari
Cheibriados
Dithmenos
Fedhas
Hepliaklqana
Kikubaaqudgha
Makhleb
Nemelex Xobeh
Okawaru
Qazlal
Ru
Sif Muna
Trog
Uskayaw
Vehumet
Wu Jian
Xom
Yredelemnul
Zin
The Shining One
Jiyva
Lugonu

Shops:
D:5 :   D:13 [   Orc:2 (=??(

Portals:
Hell: Lair:5
Abyss: Lair:4 Swamp:1

Annotations:
D:3 2 runed translucent doors
D:10 3 runed translucent doors, qw's ghost, journeyman MiHs
D:11 1 runed translucent door, Goucsema's ghost, novice FoHu
Lair:4 2 transporters, qw's ghost, journeyman GrHu
Spider:1 1 runed translucent door, Zosacw's ghost, adept HaHu


Message History

Enter note:
Enter note:
Enter note:
Enter note:
Enter note:
Enter note:
Enter note:
Enter note:
Enter note:
Enter note:
Enter note:
Enter note:
Enter note:
Enter note:
Enter note: The fire giant gestures at you while chanting.
The fireball explodes!
The fireball engulfs you!!!
You hear a shout!
Enter note:
Enter note:
Enter note:
Enter note:
Enter note:
Enter note: The fire giant gestures at you while chanting.
The bolt of fire hits you!!!
Enter note:
Enter note:
Enter note:
Enter note:
Enter note:
Enter note:
31204 |||
Found retreat position at -7,4 (floor) with 0 blocking monsters and 3 monsters attacking at destination at distance 7
31204 ||| READING 9 scrolls of teleportation.
As you read the scroll of teleportation, it crumbles to dust.
You feel strangely unstable.
31205 |||
Found retreat position at -7,4 (floor) with 0 blocking monsters and 3 monsters attacking at destination at distance 7 The fire giant gestures at you while chanting.
The fireball explodes!
The fireball engulfs you!!
You die...

#.............#.#.#.#.#.#.#'#####
#.............#..#.#.#.#..#.[....
#.............#.#.#.#.#.#.#......
..............##)#.#.#.#.##......
..............+.#.#.#.#.#.#.#####
..............##.#.#.#.#.##.#
#.............#.#.#...#.#.#.#
#..........[..#############.#
#...............@...........#
#.........[.................#
#...........................#
########........pC..........#
'..##..#....................#####
#..##..###)....p..p..............
.##..##..#.[......p..............
.##).##..#[......................
#..##..###.............##########


You could see a fire giant, a vault warden, 2 vault guards and an ironbound
convoker.

Vanquished Creatures
  Rupert (D:13)
  A tentacled monstrosity (Swamp:4)
  Asterion (Spider:1)
  Frances (Swamp:2)
  A thorn hunter (Swamp:3)
  Kirke (D:11)
  A tengu reaver (Vaults:1)
  A fire giant (D:15)
  4 vault wardens
  3 ghouls (Swamp:2)
  2 ghost moths
  6 ironbound preservers
  A very ugly thing (Swamp:4)
  A formless jellyfish (Vaults:2)
  7 dire elephants
  An ironbound thunderhulk (Vaults:1)
  3 eleionomae
  A minotaur (Gauntlet)
  Snorg (D:14)
  Josephine (D:14)
  2 green deaths (Swamp:4)
  2 great orbs of eyes
  2 ettins (Vaults:2)
  2 shambling mangroves (Swamp:4)
  5 entropy weavers
  A yaktaur captain (Vaults:1)
  A jorogumo (Spider:2)
  3 vault guards
  17 hydras
  2 ghost crabs
  7 ironbound frosthearts
  A rakshasa (D:14)
  A death knight (D:14)
  9 centaur warriors
  2 ogre magi
  14 alligators
  7 two-headed ogres
  A radroach (Spider:2)
  7 boulder beetles
  2 death scarabs (Gauntlet)
  2 tengu warriors
  8 demonic crawlers
  6 death yaks
  3 orc high priests (Orc:2)
  2 thrashing horrors (Swamp:4)
  A large abomination (Swamp:4)
  A deep elf knight (Spider:1)
  3 skysharks
  A sixfirhy (Lair:5)
  Amaemon (Lair:3)
  2 pharaoh ants (Spider:3)
  2 sun moths
  7 swamp dragons
  4 goliath frogs
  6 orb spiders
  A deep elf archer (Spider:1)
  19 deep trolls
  4 ironbound convokers
  11 bog bodies
  5 steelbarb worms
  10 lindwurms
  Pikel (D:6)
  5 harpies (Vaults:1)
  4 wizards
  6 orc knights
  13 ugly things
  4 deep elf pyromancers
  6 orc sorcerers
  A necromancer (Gauntlet)
  8 cyclopes
  15 wolf spiders
  4 will-o-the-wisps
  2 manticores
  A moth of wrath (Spider:2)
  5 elephants (Lair:5)
  7 orange demons
  Jeremiah (D:6)
  7 torpor snails
  8 vault sentinels
  A gargoyle (D:13)
  5 black mambas
  15 cane toads
  10 yaktaurs
  4 rime drakes
  13 komodo dragons
  2 unseen horrors
  12 kobold demonologists
  An efreet (D:10)
  4 freezing wraiths (D:14)
  5 tengu conjurers
  2 ice devils (Lair:5)
  A hellwing (Lair:5)
  2 polar bears
  A queen bee (Lair:2)
  13 trolls
  19 tarantellas
  8 tyrant leeches
  2 bloated husks
  A tarantella (shapeshifter) (D:15)
  16 hornets
  2 dream sheep (Lair:3)
  A spectral dream sheep (Gauntlet)
  3 raiju
  12 blink frogs (Lair:2)
  12 jumping spiders
  16 slime creatures
  A centaur simulacrum (D:12)
  19 culicivoras
  6 shadows
  6 wraiths
  A spectral komodo dragon (Gauntlet)
  A wyvern (Lair:4)
  55 yaks
  18 humans
  Eustachio (D:5)
  11 spriggans
  9 vampire mosquitoes
  3 basilisks
  35 redbacks
  2 steam dragons
  Grum (D:8)
  11 wargs
  A spectral cane toad (Gauntlet)
  6 acid dragons
  A harpy simulacrum (D:15)
  16 swamp worms
  8 hell hounds
  4 swamp drakes
  4 water moccasins
  23 orc warriors
  5 black bears
  2 sky beasts (D:6)
  An ogre (Orc:1)
  3 ice beasts
  26 wolves
  6 centaurs
  A lemure (D:6)
  3 phantoms
  4 kobold brigands
  9 bullfrogs
  10 gnoll sergeants
  2 necrophages (Swamp:2)
  2 scorpions (D:5)
  14 wights
  29 killer bees
  A small abomination (Abyss:2)
  2 hounds
  A jelly (D:6)
  2 gnoll boudas
  13 orc priests
  A hell rat (Lair:5)
  6 iguanas
  26 orc wizards
  14 gnolls
  10 adders
  A shadow imp (D:5)
  A white imp (D:4)
  An ufetubus (D:5)
  4 dart slugs
  52 orcs
  6 ball pythons
  6 endoplasms
  2 giant cockroaches
  5 goblins
  6 hobgoblins
  17 jackals
  20 kobolds
  5 quokkas
  4 bats
  4 frilled lizards
  2 rats
  2 lurking horrors (Swamp:1)
1081 creatures vanquished.

Vanquished Creatures (others)
  26 foxfires
26 creatures vanquished.

Grand Total: 1107 creatures vanquished

Notes
Turn   | Place    | Note
-------+----------+-------------------------------------------
     0 | D:1      | qw the Gargoyle Hunter began the quest for the Orb.
     0 | D:1      | Reached XP level 1. HP: 12/12 MP: 1/1
     0 | D:1      | 0 ||| qw: Version: 0.3-a-76-g4403597
     0 | D:1      | 0 ||| qw: Game counter: 83
     0 | D:1      | 0 ||| qw: Melee chars always use a shield: true
     0 | D:1      | 0 ||| qw: God list: Okawaru
     0 | D:1      | 0 ||| qw: Allow faded altars: false
     0 | D:1      | 0 ||| qw: Do Orc after clearing Dungeon:15 true
     0 | D:1      | 0 ||| qw: Do second Lair branch before Depths: true
     0 | D:1      | 0 ||| qw: Lair rune preference: random
     0 | D:1      | 0 ||| qw: Goals: Normal
     0 | D:1      | 0 ||| PLANNING D:1-11
    98 | D:1      | Reached XP level 2. HP: 11/17 MP: 2/2
   236 | D:1      | Found a faded altar of an unknown god.
   483 | D:1      | Reached XP level 3. HP: 19/21 MP: 3/3
   737 | D:1      | 737 ||| READING scroll labelled PESMAMN DEAB.
   738 | D:1      | 738 ||| READING scroll labelled BAREJI WUEGA.
   739 | D:1      | 739 ||| DRINKING 3 puce potions.
   740 | D:1      | 740 ||| DROPPING scroll of butterflies.
   833 | D:2      | Reached skill level 3 in Fighting
  1284 | D:2      | Reached XP level 4. HP: 23/28 MP: 4/4
  1600 | D:2      | 1600 ||| READING scroll labelled ZEUGOG JAZIOGE.
  1601 | D:2      | 1601 ||| READING 2 scrolls labelled EFO RUSIECZAN.
  1602 | D:2      | 1602 ||| READING scroll labelled WAN HEFAEH.
  1606 | D:2      | 1606 ||| DRINKING 2 metallic red potions.
  1607 | D:2      | 1607 ||| DRINKING 2 red potions.
  1608 | D:2      | 1608 ||| READING 2 scrolls of identify.
  1608 | D:2      | 1608 ||| IDENTIFYING smoky clear potion
  1609 | D:2      | 1609 ||| DROPPING scroll of immolation.
  1708 | D:3      | Identified the +0 robe "Muzainoc" {Dex+8}
  1901 | D:3      | 1901 ||| UPGRADING to +0 robe "Muzainoc" {Dex+8}.
  1921 | D:3      | 1921 ||| DROPPING +0 leather armour.
  1932 | D:3      | 1932 ||| UPGRADING to +0 pair of gloves.
  1947 | D:3      | 1947 ||| UPGRADING to +6 ring of strength.
  1958 | D:3      | 1958 ||| READING scroll labelled WOIRRI GATUIFE.
  1993 | D:3      | Found a large runed translucent door.
  2135 | D:3      | Found a large runed translucent door.
  2251 | D:3      | 2251 ||| READING scroll labelled OMEVUL QITZOCS.
  2305 | D:4      | Reached XP level 5. HP: 22/32 MP: 5/5
  2436 | D:4      | Found a staircase to the Ecumenical Temple.
  2437 | D:4      | 2437 ||| PLANNING TEMPLE
  2447 | Temple   | Entered the Ecumenical Temple
  2448 | Temple   | 2448 ||| PLANNING OKAWARU WORSHIP
  2455 | Temple   | Became a worshipper of Warmaster Okawaru
  2456 | Temple   | 2456 ||| PLANNING D:1-11
  2472 | D:4      | Reached skill level 6 in Ranged Weapons
  2562 | D:4      | 2562 ||| SWAPPING to +0 orcbow.
  2564 | D:4      | 2564 ||| DROPPING +0 shortbow.
  2565 | D:4      | Noticed a phantom
  2569 | D:4      | Killed a phantom
  2570 | D:4      | Reached skill level 4 in Fighting
  2570 | D:4      | Reached XP level 6. HP: 39/39 MP: 6/6
  2826 | D:4      | 2826 ||| READING scroll labelled KAUTYS SUPAST.
  2827 | D:4      | 2827 ||| DRINKING 2 viscous emerald potions.
  2856 | D:4      | 2856 ||| DROPPING potion of lignification.
  2872 | D:5      | Entered Level 5 of the Dungeon
  2875 | D:5      | Reached * piety under Okawaru
  2879 | D:5      | Noticed a black bear
  2880 | D:5      | 2880 ||| INVOKING Heroism.
  2884 | D:5      | 2884 ||| Stepping ~*~*~tactically~*~*~ (retreating).
  2887 | D:5      | 2887 ||| Stepping ~*~*~tactically~*~*~ (retreating).
  2888 | D:5      | 2888 ||| Stepping ~*~*~tactically~*~*~ (retreating).
  2889 | D:5      | 2889 ||| Stepping ~*~*~tactically~*~*~ (retreating).
  2896 | D:5      | Killed a black bear
  2908 | D:5      | Reached XP level 7. HP: 20/44 MP: 7/7
  2908 | D:5      | 2908 ||| INVOKING Heroism.
  2912 | D:5      | Reached skill level 1 in Invocations
  3043 | D:5      | 3043 ||| INVOKING Heroism.
  3230 | D:5      | Noticed Eustachio
  3231 | D:5      | 3231 ||| INVOKING Heroism.
  3232 | D:5      | 3232 ||| RETREATING.
  3233 | D:5      | 3233 ||| Stepping ~*~*~tactically~*~*~ (retreating).
  3234 | D:5      | 3234 ||| Stepping ~*~*~tactically~*~*~ (retreating).
  3235 | D:5      | 3235 ||| Stepping ~*~*~tactically~*~*~ (retreating).
  3236 | D:5      | 3236 ||| Stepping ~*~*~tactically~*~*~ (retreating).
  3237 | D:5      | 3237 ||| Stepping ~*~*~tactically~*~*~ (retreating).
  3238 | D:5      | 3238 ||| Stepping ~*~*~tactically~*~*~ (retreating).
  3247 | D:5      | Reached skill level 3 in Invocations
  3249 | D:5      | 3249 ||| INVOKING Heroism.
  3268 | D:5      | 3268 ||| INVOKING Heroism.
  3281 | D:5      | Killed Eustachio
  3282 | D:5      | Reached XP level 8. HP: 31/48 MP: 7/10
  3458 | D:5      | Found Hioqit's Tremendous Tomes.
  3476 | D:5      | 3476 ||| INVOKING Heroism.
  3608 | D:5      | 3608 ||| INVOKING Heroism.
  3679 | D:5      | 3679 ||| READING scroll labelled EPINWA MEUQAI.
  3912 | D:6      | 3912 ||| Stepping ~*~*~tactically~*~*~ (outnumbered).
  3913 | D:6      | 3913 ||| Stepping ~*~*~tactically~*~*~ (outnumbered).
  3925 | D:6      | Reached skill level 5 in Fighting
  3953 | D:6      | Found a stormy altar of Qazlal.
  3955 | D:6      | Noticed Pikel
  3955 | D:6      | 3955 ||| INVOKING Heroism.
  3959 | D:6      | 3959 ||| RETREATING.
  3976 | D:6      | 3976 ||| INVOKING Heroism.
  3977 | D:6      | Killed Pikel
  4103 | D:6      | 4103 ||| INVOKING Heroism.
  4106 | D:6      | Reached skill level 1 in Armour
  4106 | D:6      | Reached XP level 9. HP: 54/54 MP: 9/12
  4193 | D:6      | Noticed Jeremiah
  4196 | D:6      | 4196 ||| RETREATING.
  4209 | D:6      | 4209 ||| INVOKING Heroism.
  4224 | D:6      | 4224 ||| INVOKING Heroism.
  4225 | D:6      | Killed Jeremiah
  4276 | D:6      | 4276 ||| FLEEEEING.
  4277 | D:6      | 4277 ||| FLEEEEING.
  4278 | D:6      | 4278 ||| STAIRDANCE
  4350 | D:6      | Reached skill level 9 in Ranged Weapons
  4487 | D:6      | 4487 ||| INVOKING Heroism.
  4577 | D:6      | Reached skill level 6 in Fighting
  4664 | D:6      | 4664 ||| READING scroll labelled XOEWE QAFO.
  4664 | D:6      | Identified a scroll of acquirement
  4664 | D:6      | 4664 ||| ACQUIRING +0 arbalest of electrocution
  4664 | D:6      | Acquired a +0 arbalest of electrocution
  4666 | D:6      | 4666 ||| SWAPPING to +0 arbalest of electrocution.
  4667 | D:6      | 4667 ||| DROPPING +1 orcbow.
  4810 | D:7      | 4810 ||| INVOKING Heroism.
  4908 | D:7      | Reached ** piety under Okawaru
  4918 | D:7      | 4918 ||| INVOKING Heroism.
  5053 | D:7      | Found a shadowy altar of Dithmenos.
  5185 | D:7      | 5185 ||| INVOKING Heroism.
  5192 | D:7      | Reached skill level 7 in Fighting
  5299 | D:7      | 5299 ||| Stepping ~*~*~tactically~*~*~ (outnumbered).
  5597 | D:7      | 5597 ||| READING scroll labelled CILICU OSELYRU.
  5598 | D:7      | 5598 ||| READING 2 scrolls of identify.
  5598 | D:7      | 5598 ||| IDENTIFYING murky dark potion
  5599 | D:7      | 5599 ||| DROPPING potion of berserk rage.
  5639 | D:8      | Found a staircase to the Lair.
  5661 | D:8      | Reached XP level 10. HP: 61/63 MP: 13/13
  5662 | D:8      | 5662 ||| RETREATING.
  5663 | D:8      | 5663 ||| Stepping ~*~*~tactically~*~*~ (retreating).
  5664 | D:8      | 5664 ||| Stepping ~*~*~tactically~*~*~ (retreating).
  5667 | D:8      | 5667 ||| Stepping ~*~*~tactically~*~*~ (retreating).
  5727 | D:8      | Noticed Grum
  5728 | D:8      | 5728 ||| INVOKING Heroism.
  5729 | D:8      | 5729 ||| RETREATING.
  5738 | D:8      | Killed Grum
  5869 | D:8      | 5869 ||| Stepping ~*~*~tactically~*~*~ (outnumbered).
  5871 | D:8      | 5871 ||| Stepping ~*~*~tactically~*~*~ (outnumbered).
  5880 | D:8      | Reached skill level 8 in Fighting
  5944 | D:8      | 5944 ||| Stepping ~*~*~tactically~*~*~ (retreating).
  5945 | D:8      | 5945 ||| Stepping ~*~*~tactically~*~*~ (retreating).
  5953 | D:8      | Reached *** piety under Okawaru
  5954 | D:8      | 5954 ||| INVOKING Heroism.
  6050 | D:8      | Found a shimmering altar of Xom.
  6128 | D:8      | Killed an unseen horror
  6129 | D:8      | Reached skill level 12 in Ranged Weapons
  6196 | D:8      | 6196 ||| PLANNING LAIR
  6196 | D:8      | 6196 ||| DROPPING amulet of magic regeneration.
  6197 | D:8      | 6197 ||| DRINKING 2 fizzy purple potions.
  6198 | D:8      | 6198 ||| READING 2 scrolls of identify.
  6198 | D:8      | 6198 ||| IDENTIFYING fuming inky potion
  6199 | D:8      | 6199 ||| DROPPING potion of degeneration.
  6200 | D:8      | 6200 ||| DROPPING potion of brilliance.
  6227 | Lair:1   | Entered Level 1 of the Lair of Beasts
  6228 | Lair:1   | Noticed a black mamba
  6229 | Lair:1   | 6229 ||| INVOKING Heroism.
  6232 | Lair:1   | Killed a black mamba
  6362 | Lair:1   | Noticed a cane toad
  6363 | Lair:1   | 6363 ||| INVOKING Heroism.
  6370 | Lair:1   | Killed a cane toad
  6456 | Lair:1   | Noticed a cane toad
  6457 | Lair:1   | 6457 ||| INVOKING Heroism.
  6459 | Lair:1   | Killed a cane toad
  6555 | Lair:1   | 6555 ||| INVOKING Heroism.
  6599 | Lair:1   | 6599 ||| Stepping ~*~*~tactically~*~*~ (retreating).
  6600 | Lair:1   | 6600 ||| Stepping ~*~*~tactically~*~*~ (retreating).
  6605 | Lair:1   | Reached **** piety under Okawaru
  6606 | Lair:1   | Reached XP level 11. HP: 58/69 MP: 14/14
  6613 | Lair:1   | 6613 ||| INVOKING Heroism.
  6617 | Lair:1   | Reached skill level 9 in Fighting
  6637 | Lair:1   | 6637 ||| FLEEEEING.
  6638 | Lair:1   | 6638 ||| FLEEEEING.
  6639 | Lair:1   | 6639 ||| FLEEEEING.
  6640 | Lair:1   | 6640 ||| FLEEEEING.
  6641 | Lair:1   | 6641 ||| FLEEEEING.
  6642 | Lair:1   | 6642 ||| FLEEEEING.
  6643 | Lair:1   | 6643 ||| FLEEEEING.
  6644 | Lair:1   | 6644 ||| FLEEEEING.
  6645 | Lair:1   | 6645 ||| FLEEEEING.
  6646 | Lair:1   | 6646 ||| FLEEEEING.
  6647 | Lair:1   | 6647 ||| FLEEEEING.
  6757 | Lair:1   | 6757 ||| INVOKING Heroism.
  7015 | Lair:1   | 7015 ||| READING scroll labelled IGEULANTAEBU.
  7016 | Lair:1   | 7016 ||| READING scroll labelled ESARIT HICI.
  7017 | Lair:1   | 7017 ||| DRINKING 2 sedimented red potions.
  7017 | Lair:1   | Gained mutation: You are frail. (-10% HP) [potion of
                  | mutation]
  7018 | Lair:1   | 7018 ||| DRINKING potion of mutation.
  7018 | Lair:1   | Lost mutation: You are frail. (-10% HP) [potion of
                  | mutation]
  7018 | Lair:1   | Gained mutation: You are clumsy. (Dex -2) [potion of
                  | mutation]
  7018 | Lair:1   | Gained mutation: Your muscles are strong. (Str +4, Int/Dex
                  | -1) [potion of mutation]
  7018 | Lair:1   | Gained mutation: You expend magic power (3 MP) to
                  | strengthen your wands. [potion of mutation]
  7042 | Lair:1   | 7042 ||| DRINKING 2 bubbling black potions.
  7114 | Lair:2   | Found a staircase to the Swamp.
  7114 | Lair:2   | Noticed a bog body
  7115 | Lair:2   | Noticed a bog body
  7116 | Lair:2   | 7116 ||| RETREATING.
  7117 | Lair:2   | Killed a bog body
  7117 | Lair:2   | Received a gift from Okawaru
  7121 | Lair:2   | Killed a bog body
  7180 | Lair:2   | Noticed a lindwurm
  7181 | Lair:2   | 7181 ||| INVOKING Heroism.
  7186 | Lair:2   | 7186 ||| RETREATING.
  7190 | Lair:2   | Killed a lindwurm
  7240 | Lair:2   | 7240 ||| INVOKING Heroism.
  7325 | Lair:2   | 7325 ||| INVOKING Heroism.
  7349 | Lair:2   | 7349 ||| INVOKING Heroism.
  7379 | Lair:2   | 7379 ||| INVOKING Heroism.
  7423 | Lair:2   | 7423 ||| INVOKING Heroism.
  7428 | Lair:2   | 7428 ||| RETREATING.
  7432 | Lair:2   | 7432 ||| RETREATING.
  7434 | Lair:2   | 7434 ||| Stepping ~*~*~tactically~*~*~ (retreating).
  7435 | Lair:2   | 7435 ||| Stepping ~*~*~tactically~*~*~ (retreating).
  7436 | Lair:2   | 7436 ||| Stepping ~*~*~tactically~*~*~ (retreating).
  7437 | Lair:2   | 7437 ||| Stepping ~*~*~tactically~*~*~ (retreating).
  7438 | Lair:2   | 7438 ||| Stepping ~*~*~tactically~*~*~ (retreating).
  7439 | Lair:2   | 7439 ||| Stepping ~*~*~tactically~*~*~ (retreating).
  7440 | Lair:2   | 7440 ||| Stepping ~*~*~tactically~*~*~ (retreating).
  7444 | Lair:2   | 7444 ||| INVOKING Heroism.
  7459 | Lair:2   | Reached skill level 6 in Invocations
  7493 | Lair:2   | 7493 ||| INVOKING Heroism.
  7558 | Lair:2   | 7558 ||| INVOKING Heroism.
  7588 | Lair:2   | 7588 ||| INVOKING Heroism.
  7591 | Lair:2   | 7591 ||| RETREATING.
  7594 | Lair:2   | 7594 ||| RETREATING.
  7597 | Lair:2   | 7597 ||| Stepping ~*~*~tactically~*~*~ (retreating).
  7605 | Lair:2   | 7605 ||| Stepping ~*~*~tactically~*~*~ (retreating).
  7606 | Lair:2   | 7606 ||| Stepping ~*~*~tactically~*~*~ (retreating).
  7606 | Lair:2   | HP: 18/72 [blink frog (13)]
  7607 | Lair:2   | 7607 ||| READING 4 scrolls of teleportation.
  7608 | Lair:2   | 7608 ||| DRINKING 5 potions of heal wounds.
  7610 | Lair:2   | 7610 ||| Stepping ~*~*~tactically~*~*~ (retreating).
  7626 | Lair:2   | 7626 ||| INVOKING Heroism.
  7634 | Lair:2   | Reached skill level 10 in Fighting
  7652 | Lair:2   | 7652 ||| INVOKING Heroism.
  7678 | Lair:2   | Reached skill level 6 in Dodging
  7732 | Lair:2   | 7732 ||| INVOKING Heroism.
  7793 | Lair:2   | 7793 ||| INVOKING Heroism.
  7814 | Lair:2   | 7814 ||| INVOKING Heroism.
  7821 | Lair:2   | Reached XP level 12. HP: 25/77 MP: 14/16
  7824 | Lair:2   | HP: 10/77 [killer bee (13)]
  7825 | Lair:2   | 7825 ||| READING 3 scrolls of teleportation.
  7826 | Lair:2   | 7826 ||| DRINKING 4 potions of heal wounds.
  7832 | Lair:2   | 7832 ||| FLEEEEING.
  7833 | Lair:2   | 7833 ||| FLEEEEING.
  7838 | Lair:2   | 7838 ||| STAIRDANCE
  7961 | Lair:1   | 7961 ||| UPGRADING to amulet of faith.
  8225 | Lair:2   | 8225 ||| INVOKING Heroism.
  8306 | Lair:2   | 8306 ||| READING scroll labelled SOMIDA IREANK.
  8407 | Lair:2   | 8407 ||| DROPPING potion of ambrosia.
  8547 | Lair:3   | 8547 ||| INVOKING Heroism.
  8576 | Lair:3   | 8576 ||| RETREATING.
  8577 | Lair:3   | 8577 ||| Stepping ~*~*~tactically~*~*~ (retreating).
  8578 | Lair:3   | 8578 ||| Stepping ~*~*~tactically~*~*~ (retreating).
  8579 | Lair:3   | 8579 ||| Stepping ~*~*~tactically~*~*~ (retreating).
  8580 | Lair:3   | 8580 ||| Stepping ~*~*~tactically~*~*~ (retreating).
  8581 | Lair:3   | 8581 ||| Stepping ~*~*~tactically~*~*~ (retreating).
  8584 | Lair:3   | 8584 ||| Stepping ~*~*~tactically~*~*~ (retreating).
  8585 | Lair:3   | 8585 ||| Stepping ~*~*~tactically~*~*~ (retreating).
  8586 | Lair:3   | 8586 ||| Stepping ~*~*~tactically~*~*~ (retreating).
  8587 | Lair:3   | 8587 ||| Stepping ~*~*~tactically~*~*~ (retreating).
  8588 | Lair:3   | 8588 ||| Stepping ~*~*~tactically~*~*~ (retreating).
  8589 | Lair:3   | 8589 ||| INVOKING Heroism.
  8680 | Lair:3   | 8680 ||| INVOKING Heroism.
  8688 | Lair:3   | Reached skill level 15 in Ranged Weapons
  8724 | Lair:3   | 8724 ||| RETREATING.
  8739 | Lair:3   | Noticed Amaemon
  8741 | Lair:3   | 8741 ||| INVOKING Heroism.
  8743 | Lair:3   | 8743 ||| RETREATING.
  8747 | Lair:3   | 8747 ||| Stepping ~*~*~tactically~*~*~ (retreating).
  8749 | Lair:3   | Killed Amaemon
  8750 | Lair:3   | Reached skill level 3 in Armour
  9045 | Lair:3   | Noticed a seven-headed hydra
  9046 | Lair:3   | 9046 ||| INVOKING Heroism.
  9051 | Lair:3   | Killed a seven-headed hydra
  9068 | Lair:3   | Identified the ring of a Thousand Beasts {rF+ rN+ SInv}
  9139 | Lair:3   | 9139 ||| RETREATING.
  9161 | Lair:3   | Reached ***** piety under Okawaru
  9294 | Lair:3   | 9294 ||| INVOKING Heroism.
  9360 | Lair:3   | 9360 ||| INVOKING Heroism.
  9520 | Lair:3   | Found a hole to the Spider Nest.
  9521 | Lair:3   | 9521 ||| RETREATING.
  9527 | Lair:3   | 9527 ||| INVOKING Heroism.
  9552 | Lair:3   | Reached skill level 9 in Invocations
  9711 | Lair:3   | 9711 ||| UPGRADING to ring of a Thousand Beasts {rF+ rN+
                  | SInv}.
  9754 | Lair:4   | 9754 ||| STAIRDANCE
  9878 | Lair:4   | Found a transporter.
  9882 | Lair:4   | 9882 ||| INVOKING Heroism.
  9906 | Lair:4   | Noticed qw's ghost (journeyman GrHu)
  9915 | Lair:4   | Noticed a rakshasa
 10085 | Lair:4   | Received a gift from Okawaru
 10087 | Lair:4   | 10087 ||| RETREATING.
 10101 | Lair:4   | Reached XP level 13. HP: 75/82 MP: 20/20
 10297 | Lair:4   | 10297 ||| INVOKING Heroism.
 10300 | Lair:4   | 10300 ||| RETREATING.
 10302 | Lair:4   | 10302 ||| INVOKING Finesse.
 10305 | Lair:4   | 10305 ||| Stepping ~*~*~tactically~*~*~ (retreating).
 10306 | Lair:4   | 10306 ||| Stepping ~*~*~tactically~*~*~ (retreating).
 10311 | Lair:4   | Reached skill level 11 in Fighting
 10323 | Lair:4   | 10323 ||| Stepping ~*~*~tactically~*~*~ (retreating).
 10325 | Lair:4   | 10325 ||| Stepping ~*~*~tactically~*~*~ (retreating).
 10326 | Lair:4   | 10326 ||| Stepping ~*~*~tactically~*~*~ (retreating).
 10327 | Lair:4   | 10327 ||| RETREATING.
 10328 | Lair:4   | 10328 ||| Stepping ~*~*~tactically~*~*~ (retreating).
 10329 | Lair:4   | 10329 ||| Stepping ~*~*~tactically~*~*~ (retreating).
 10479 | Lair:4   | Found a one-way gate to the infinite horrors of the Abyss.
 10482 | Lair:4   | Found a transporter.
 10622 | Lair:4   | 10622 ||| READING 3 scrolls of identify.
 10622 | Lair:4   | 10622 ||| IDENTIFYING silvery potion
 10623 | Lair:4   | 10623 ||| READING 2 scrolls of identify.
 10623 | Lair:4   | 10623 ||| IDENTIFYING fizzy grey potion
 10624 | Lair:4   | 10624 ||| DROPPING potion of invisibility.
 10625 | Lair:4   | 10625 ||| DROPPING potion of attraction.
 10632 | Lair:5   | Entered Level 5 of the Lair of Beasts
 10648 | Lair:5   | 10648 ||| INVOKING Heroism.
 10658 | Lair:5   | Received a gift from Okawaru
 10666 | Lair:5   | HP: 11/84 [komodo dragon (22)]
 10667 | Lair:5   | 10667 ||| READING 5 scrolls of teleportation.
 10668 | Lair:5   | 10668 ||| DRINKING 3 potions of heal wounds.
 10832 | Lair:5   | 10832 ||| INVOKING Heroism.
 10834 | Lair:5   | 10834 ||| RETREATING.
 10841 | Lair:5   | 10841 ||| Stepping ~*~*~tactically~*~*~ (retreating).
 10842 | Lair:5   | 10842 ||| Stepping ~*~*~tactically~*~*~ (retreating).
 10851 | Lair:5   | HP: 18/84 [six-headed hydra (7)]
 10852 | Lair:5   | 10852 ||| READING 4 scrolls of teleportation.
 10852 | Lair:5   | HP: 7/84 [six-headed hydra (9)]
 10853 | Lair:5   | 10853 ||| DRINKING 2 potions of heal wounds.
 10855 | Lair:5   | 10855 ||| INVOKING Finesse.
 10889 | Lair:5   | 10889 ||| INVOKING Heroism.
 10966 | Lair:5   | 10966 ||| INVOKING Heroism.
 11057 | Lair:5   | Found a viscous altar of Jiyva.
 11057 | Lair:5   | Found a staircase to the Slime Pits.
 11093 | Lair:5   | 11093 ||| INVOKING Heroism.
 11140 | Lair:5   | 11140 ||| INVOKING Heroism.
 11195 | Lair:5   | 11195 ||| RETREATING.
 11247 | Lair:5   | 11247 ||| RETREATING.
 11365 | Lair:5   | 11365 ||| INVOKING Heroism.
 11411 | Lair:5   | Identified the +1 buckler "Egaroammi" {Rampage Will++}
                  | (Okawaru gifted it to you on level 5 of the Lair of Beasts)
 11411 | Lair:5   | Received a gift from Okawaru
 11423 | Lair:5   | 11423 ||| RETREATING.
 11424 | Lair:5   | 11424 ||| Stepping ~*~*~tactically~*~*~ (retreating).
 11425 | Lair:5   | 11425 ||| Stepping ~*~*~tactically~*~*~ (retreating).
 11426 | Lair:5   | 11426 ||| Stepping ~*~*~tactically~*~*~ (retreating).
 11428 | Lair:5   | 11428 ||| Stepping ~*~*~tactically~*~*~ (retreating).
 11429 | Lair:5   | 11429 ||| INVOKING Heroism.
 11435 | Lair:5   | Gained mutation: Your large and strong wings let you fly.
                  | [Gargoyle growth]
 11435 | Lair:5   | Reached XP level 14. HP: 66/90 MP: 19/21
 11443 | Lair:5   | Reached skill level 18 in Ranged Weapons
 11806 | Lair:5   | 11806 ||| INVOKING Heroism.
 11807 | Lair:5   | 11807 ||| INVOKING Finesse.
 11922 | Lair:5   | 11922 ||| INVOKING Heroism.
 11957 | Lair:5   | 11957 ||| FLEEEEING.
 11967 | Lair:5   | Reached skill level 12 in Fighting
 11989 | Lair:5   | 11989 ||| Stepping ~*~*~tactically~*~*~ (retreating).
 11990 | Lair:5   | 11990 ||| Stepping ~*~*~tactically~*~*~ (retreating).
 11991 | Lair:5   | 11991 ||| INVOKING Heroism.
 11997 | Lair:5   | 11997 ||| Stepping ~*~*~tactically~*~*~ (outnumbered).
 12027 | Lair:5   | 12027 ||| INVOKING Heroism.
 12115 | Lair:5   | 12115 ||| FLEEEEING.
 12116 | Lair:5   | 12116 ||| FLEEEEING.
 12117 | Lair:5   | 12117 ||| FLEEEEING.
 12231 | Lair:5   | 12231 ||| INVOKING Heroism.
 12329 | Lair:5   | Found a burning altar of Makhleb.
 12338 | Lair:5   | 12338 ||| INVOKING Heroism.
 12437 | Lair:5   | Found a gateway to Hell.
 12444 | Lair:5   | Identified the staff of the Magi {+Blink rC+ Str+3 Dex+3
                  | Ice}
 12815 | Lair:5   | 12815 ||| PLANNING D:1-11
 12815 | Lair:5   | 12815 ||| UPGRADING to +0 cloak.
 13689 | D:9      | 13689 ||| Stepping ~*~*~tactically~*~*~ (outnumbered).
 13691 | D:9      | 13691 ||| Stepping ~*~*~tactically~*~*~ (outnumbered).
 13746 | D:10     | Entered Level 10 of the Dungeon
 13913 | D:10     | 13913 ||| INVOKING Heroism.
 13975 | D:10     | 13975 ||| FLEEEEING.
 13976 | D:10     | 13976 ||| FLEEEEING.
 13977 | D:10     | 13977 ||| FLEEEEING.
 13985 | D:10     | 13985 ||| FLEEEEING.
 13986 | D:10     | 13986 ||| FLEEEEING.
 13987 | D:10     | 13987 ||| FLEEEEING.
 13988 | D:10     | 13988 ||| FLEEEEING.
 13989 | D:10     | 13989 ||| FLEEEEING.
 13990 | D:10     | 13990 ||| FLEEEEING.
 13991 | D:10     | 13991 ||| FLEEEEING.
 13992 | D:10     | 13992 ||| FLEEEEING.
 13993 | D:10     | 13993 ||| FLEEEEING.
 13994 | D:10     | 13994 ||| FLEEEEING.
 13995 | D:10     | 13995 ||| FLEEEEING.
 13996 | D:10     | 13996 ||| FLEEEEING.
 13997 | D:10     | 13997 ||| STAIRDANCE
 14070 | D:10     | 14070 ||| INVOKING Heroism.
 14075 | D:10     | 14075 ||| STAIRDANCE
 14333 | D:10     | Found a runed translucent gate.
 14333 | D:10     | Found a runed translucent gate.
 14333 | D:10     | Found a runed translucent gate.
 14360 | D:10     | Reached skill level 13 in Fighting
 14475 | D:10     | Identified the ring "Evvoj" {Ice Str+4 Int+3 Slay-4}
 14630 | D:10     | Noticed qw's ghost (journeyman MiHs)
 15014 | D:10     | Found a basalt altar of Yredelemnul.
 15056 | D:10     | 15056 ||| DROPPING ring "Evvoj" {Ice Str+4 Int+3 Slay-4}.
 15057 | D:10     | 15057 ||| READING 2 scrolls labelled LUNEWKUANA.
 15058 | D:10     | 15058 ||| READING 6 scrolls of identify.
 15058 | D:10     | 15058 ||| IDENTIFYING dark potion
 15059 | D:10     | 15059 ||| DROPPING scroll of fog.
 15197 | D:11     | Found a runed translucent door.
 15357 | D:11     | Noticed Goucsema's ghost (novice FoHu)
 15373 | D:11     | Found a staircase to the Orcish Mines.
 15446 | D:11     | Found an iron altar of Okawaru.
 15687 | D:11     | 15687 ||| PLANNING D
 15687 | D:11     | 15687 ||| READING scroll labelled RYOD DAUZURCHO.
 15825 | D:12     | Found a blossoming altar of Fedhas.
 15829 | D:12     | 15829 ||| READING scroll of enchant armour.
 15829 | D:12     | 15829 ||| ENCHANTING +0 pair of gloves.
 15896 | D:12     | 15896 ||| READING scroll of enchant armour.
 15896 | D:12     | 15896 ||| ENCHANTING +1 pair of gloves.
 15989 | D:12     | 15989 ||| RETREATING.
 16004 | D:12     | Reached skill level 9 in Dodging
 16173 | D:12     | 16173 ||| Stepping ~*~*~tactically~*~*~ (retreating).
 16174 | D:12     | 16174 ||| Stepping ~*~*~tactically~*~*~ (retreating).
 16175 | D:12     | 16175 ||| Stepping ~*~*~tactically~*~*~ (retreating).
 16178 | D:12     | 16178 ||| Stepping ~*~*~tactically~*~*~ (outnumbered).
 16179 | D:12     | 16179 ||| INVOKING Heroism.
 16184 | D:12     | 16184 ||| INVOKING Finesse.
 16201 | D:12     | Identified the +0 ring mail "Cidyenk" {Slay+5} (Okawaru
                  | gifted it to you on level 12 of the Dungeon)
 16201 | D:12     | Received a gift from Okawaru
 16209 | D:12     | 16209 ||| Stepping ~*~*~tactically~*~*~ (retreating).
 16210 | D:12     | 16210 ||| Stepping ~*~*~tactically~*~*~ (retreating).
 16216 | D:12     | Reached skill level 14 in Fighting
 16246 | D:12     | 16246 ||| RETREATING.
 16328 | D:12     | Reached XP level 15. HP: 100/100 MP: 22/22
 16339 | D:12     | Identified the staff "Hughousk" {Contam rElec Dex+5 Conj}
 16363 | D:12     | 16363 ||| Stepping ~*~*~tactically~*~*~ (retreating).
 16365 | D:12     | 16365 ||| Stepping ~*~*~tactically~*~*~ (retreating).
 16384 | D:12     | 16384 ||| Stepping ~*~*~tactically~*~*~ (retreating).
 16458 | D:12     | 16458 ||| RETREATING.
 16469 | Abyss:2  | Cast into level 2 of the Abyss (gnoll sergeant)
 16565 | D:12     | Escaped the Abyss
 16799 | D:12     | 16799 ||| Stepping ~*~*~tactically~*~*~ (retreating).
 16801 | D:12     | 16801 ||| Stepping ~*~*~tactically~*~*~ (retreating).
 16802 | D:12     | 16802 ||| Stepping ~*~*~tactically~*~*~ (retreating).
 16803 | D:12     | 16803 ||| Stepping ~*~*~tactically~*~*~ (retreating).
 16881 | D:12     | 16881 ||| READING scroll of brand weapon.
 16881 | D:12     | 16881 ||| BRANDING +0 arbalest of draining.
 16992 | D:12     | Noticed Kirke
 16993 | D:12     | 16993 ||| RETREATING.
 16998 | D:12     | 16998 ||| FLEEEEING.
 16999 | D:12     | 16999 ||| FLEEEEING.
 17000 | D:12     | 17000 ||| FLEEEEING.
 17014 | D:12     | 17014 ||| FLEEEEING.
 17029 | D:12     | 17029 ||| FLEEEEING.
 17034 | D:12     | 17034 ||| STAIRDANCE
 17136 | D:11     | 17136 ||| UPGRADING to +0 helmet.
 17141 | D:11     | 17141 ||| DROPPING +0 ring mail "Cidyenk" {Slay+5}.
 17144 | D:12     | 17144 ||| INVOKING Heroism.
 17145 | D:12     | 17145 ||| INVOKING Finesse.
 17149 | D:12     | 17149 ||| STAIRDANCE
 17151 | D:11     | Killed Kirke
 17178 | D:12     | 17178 ||| STAIRDANCE
 17185 | D:12     | 17185 ||| STAIRDANCE
 17266 | D:13     | Noticed Rupert
 17266 | D:13     | Found a gate to the Vaults.
 17267 | D:13     | 17267 ||| RETREATING.
 17268 | D:13     | 17268 ||| Stepping ~*~*~tactically~*~*~ (retreating).
 17269 | D:13     | 17269 ||| INVOKING Heroism.
 17270 | D:13     | 17270 ||| INVOKING Finesse.
 17271 | D:13     | 17271 ||| DRINKING 7 potions of curing.
 17271 | D:13     | 17271 ||| (to cure confusion)
 17284 | D:13     | Killed Rupert
 17287 | D:13     | HP: 21/101 [disintegration (16)]
 17288 | D:13     | 17288 ||| READING 5 scrolls of teleportation.
 17288 | D:13     | HP: 7/101 [great orb of eyes (6)]
 17289 | D:13     | 17289 ||| DRINKING potion of heal wounds.
 17295 | D:13     | 17295 ||| Stepping ~*~*~tactically~*~*~ (retreating).
 17296 | D:13     | 17296 ||| Stepping ~*~*~tactically~*~*~ (retreating).
 17297 | D:13     | 17297 ||| Stepping ~*~*~tactically~*~*~ (retreating).
 17298 | D:13     | 17298 ||| Stepping ~*~*~tactically~*~*~ (retreating).
 17313 | D:13     | Received a gift from Okawaru
 17326 | D:13     | Reached skill level 15 in Fighting
 17328 | D:13     | 17328 ||| INVOKING Heroism.
 17343 | D:13     | 17343 ||| INVOKING Heroism.
 17397 | D:13     | 17397 ||| INVOKING Heroism.
 17574 | D:13     | Found Uhappum's Antique Armour Boutique.
 17582 | D:13     | 17582 ||| BUYING embroidered cloak (225 gold).
 17582 | D:13     | Bought an embroidered cloak for 225 gold pieces
 17895 | D:13     | 17895 ||| UPGRADING to +2 cloak of preservation.
 17905 | D:13     | 17905 ||| DROPPING +0 cloak.
 18086 | D:14     | Noticed Josephine
 18093 | D:14     | Killed Josephine
 18101 | D:14     | 18101 ||| INVOKING Heroism.
 18206 | D:14     | 18206 ||| RETREATING.
 18208 | D:14     | 18208 ||| RETREATING.
 18212 | D:14     | Received a gift from Okawaru
 18221 | D:14     | Reached skill level 16 in Fighting
 18287 | D:14     | 18287 ||| RETREATING.
 18303 | D:14     | 18303 ||| INVOKING Heroism.
 18307 | D:14     | Reached skill level 6 in Armour
 18310 | D:14     | HP: 8/104 [mirror damage (24)]
 18469 | D:14     | Noticed Snorg
 18470 | D:14     | 18470 ||| FLEEEEING.
 18471 | D:14     | 18471 ||| FLEEEEING.
 18472 | D:14     | 18472 ||| FLEEEEING.
 18473 | D:14     | 18473 ||| FLEEEEING.
 18474 | D:14     | 18474 ||| FLEEEEING.
 18492 | D:14     | 18492 ||| FLEEEEING.
 18493 | D:14     | 18493 ||| FLEEEEING.
 18494 | D:14     | 18494 ||| FLEEEEING.
 18495 | D:14     | 18495 ||| FLEEEEING.
 18496 | D:14     | 18496 ||| STAIRDANCE
 18567 | D:13     | 18567 ||| DROPPING scarf of invisibility.
 18570 | D:14     | Reached ****** piety under Okawaru
 18633 | D:14     | 18633 ||| RETREATING.
 18638 | D:14     | 18638 ||| Stepping ~*~*~tactically~*~*~ (retreating).
 18639 | D:14     | 18639 ||| Stepping ~*~*~tactically~*~*~ (retreating).
 18640 | D:14     | 18640 ||| Stepping ~*~*~tactically~*~*~ (retreating).
 18641 | D:14     | 18641 ||| Stepping ~*~*~tactically~*~*~ (retreating).
 18696 | D:14     | Killed Snorg
 18796 | D:14     | 18796 ||| READING scroll of enchant weapon.
 18796 | D:14     | 18796 ||| ENCHANTING +0 heavy arbalest.
 18849 | D:14     | Received a gift from Okawaru
 19041 | D:15     | Entered Level 15 of the Dungeon
 19053 | D:15     | 19053 ||| RETREATING.
 19054 | D:15     | 19054 ||| Stepping ~*~*~tactically~*~*~ (retreating).
 19056 | D:15     | 19056 ||| Stepping ~*~*~tactically~*~*~ (retreating).
 19079 | D:15     | Found a staircase to the Depths.
 19079 | D:15     | Noticed a fire giant
 19084 | D:15     | 19084 ||| FLEEEEING.
 19093 | D:15     | 19093 ||| STAIRDANCE
 19273 | D:15     | 19273 ||| Stepping ~*~*~tactically~*~*~ (outnumbered).
 19274 | D:15     | 19274 ||| Stepping ~*~*~tactically~*~*~ (outnumbered).
 19275 | D:15     | 19275 ||| Stepping ~*~*~tactically~*~*~ (outnumbered).
 19703 | D:15     | Killed a fire giant
 19704 | D:15     | Reached XP level 16. HP: 81/110 MP: 23/23
 19980 | D:15     | 19980 ||| PLANNING ORC
 19980 | D:15     | 19980 ||| DROPPING ring of wizardry.
 20110 | Orc:1    | Entered Level 1 of the Orcish Mines
 20174 | Orc:1    | 20174 ||| Stepping ~*~*~tactically~*~*~ (outnumbered).
 20176 | Orc:1    | 20176 ||| Stepping ~*~*~tactically~*~*~ (outnumbered).
 20178 | Orc:1    | 20178 ||| Stepping ~*~*~tactically~*~*~ (outnumbered).
 20180 | Orc:1    | 20180 ||| Stepping ~*~*~tactically~*~*~ (outnumbered).
 20504 | Orc:2    | Entered Level 2 of the Orcish Mines
 20504 | Orc:2    | Found Zaol's Magic Scroll Boutique.
 20505 | Orc:2    | 20505 ||| PLANNING GAUNTLET
 20507 | Orc:2    | 20507 ||| INVOKING Heroism.
 20510 | Orc:2    | 20510 ||| STAIRDANCE
 20518 | Orc:2    | 20518 ||| STAIRDANCE
 20526 | Orc:2    | 20526 ||| STAIRDANCE
 20541 | Orc:2    | 20541 ||| STAIRDANCE
 20553 | Orc:2    | 20553 ||| INVOKING Heroism.
 20590 | Orc:2    | Found a gate leading to a gauntlet.
 20597 | Gauntlet | Entered a Gauntlet
 20597 | Gauntlet | Found a transporter.
 20597 | Gauntlet | Found a transporter.
 20597 | Gauntlet | Found a transporter.
 20597 | Gauntlet | Found a runed translucent gate.
 20623 | Gauntlet | Found a transporter.
 20633 | Gauntlet | Found a transporter.
 20635 | Gauntlet | Found a transporter.
 20646 | Gauntlet | Found a transporter.
 20665 | Gauntlet | Found a transporter.
 20680 | Gauntlet | Found a transporter.
 20683 | Gauntlet | Found a transporter.
 20684 | Gauntlet | Found a runed translucent door.
 20692 | Gauntlet | Found a transporter.
 20694 | Gauntlet | Found a transporter.
 20696 | Gauntlet | Found a runed translucent gate.
 20696 | Gauntlet | Found a runed translucent gate.
 20775 | Gauntlet | Identified the +11 rapier "Juriefic" {heavy, rF+}
 20782 | Gauntlet | 20782 ||| Stepping ~*~*~tactically~*~*~ (retreating).
 20783 | Gauntlet | 20783 ||| Stepping ~*~*~tactically~*~*~ (retreating).
 20784 | Gauntlet | 20784 ||| Stepping ~*~*~tactically~*~*~ (retreating).
 20785 | Gauntlet | 20785 ||| Stepping ~*~*~tactically~*~*~ (retreating).
 20874 | Gauntlet | 20874 ||| UPGRADING to ring of protection from cold.
 20881 | Gauntlet | 20881 ||| Stepping ~*~*~tactically~*~*~ (retreating).
 20882 | Gauntlet | 20882 ||| INVOKING Heroism.
 20889 | Gauntlet | Identified the +12 rapier "Kiocw" {freeze, rF++ rCorr Dex-3
                  | Stlth+} (Okawaru gifted it to you in a Gauntlet)
 20889 | Gauntlet | Received a gift from Okawaru
 20890 | Gauntlet | Reached skill level 17 in Fighting
 20957 | Gauntlet | 20957 ||| INVOKING Heroism.
 21065 | Gauntlet | Identified the +1 broad axe of a Labyrinth {flame, rN+
                  | Int+3 Dex+3}
 21118 | Orc:2    | 21118 ||| PLANNING ORC
 21179 | Orc:2    | 21179 ||| BUYING scroll of enchant weapon (97 gold).
 21179 | Orc:2    | Bought a scroll of enchant weapon for 97 gold pieces
 21179 | Orc:2    | 21179 ||| BUYING scroll of teleportation (39 gold).
 21179 | Orc:2    | Bought a scroll of teleportation for 39 gold pieces
 21179 | Orc:2    | 21179 ||| READING scroll of enchant weapon.
 21179 | Orc:2    | 21179 ||| ENCHANTING +1 heavy arbalest.
 21233 | Orc:2    | 21233 ||| INVOKING Heroism.
 21252 | Orc:2    | Found a staircase to the Elven Halls.
 21276 | Orc:2    | 21276 ||| INVOKING Heroism.
 21565 | Orc:2    | 21565 ||| Stepping ~*~*~tactically~*~*~ (outnumbered).
 21567 | Orc:2    | 21567 ||| Stepping ~*~*~tactically~*~*~ (outnumbered).
 21570 | Orc:2    | 21570 ||| INVOKING Heroism.
 21599 | Orc:2    | 21599 ||| RETREATING.
 21600 | Orc:2    | 21600 ||| INVOKING Heroism.
 21602 | Orc:2    | 21602 ||| Stepping ~*~*~tactically~*~*~ (retreating).
 21665 | Orc:2    | 21665 ||| INVOKING Heroism.
 21669 | Orc:2    | Found Koad's Antique Weapon Boutique.
 21670 | Orc:2    | 21670 ||| Stepping ~*~*~tactically~*~*~ (outnumbered).
 21676 | Orc:2    | 21676 ||| Stepping ~*~*~tactically~*~*~ (outnumbered).
 21693 | Orc:2    | 21693 ||| Stepping ~*~*~tactically~*~*~ (retreating).
 21694 | Orc:2    | 21694 ||| Stepping ~*~*~tactically~*~*~ (retreating).
 21696 | Orc:2    | 21696 ||| RETREATING.
 21700 | Orc:2    | 21700 ||| INVOKING Heroism.
 21738 | Orc:2    | Found Boetuq's Magic Scroll Emporium.
 21745 | Orc:2    | 21745 ||| BUYING scroll of brand weapon (123 gold).
 21745 | Orc:2    | Bought a scroll of brand weapon for 123 gold pieces
 21745 | Orc:2    | 21745 ||| BUYING scroll of teleportation (39 gold).
 21745 | Orc:2    | Bought a scroll of teleportation for 39 gold pieces
 21745 | Orc:2    | Found Wacvuefe's Jewellery Emporium.
 21747 | Orc:2    | Found Yrchul's Antique Weapon Boutique.
 21753 | Orc:2    | 21753 ||| BUYING +4 ring of protection (360 gold).
 21753 | Orc:2    | Bought a +4 ring of protection for 360 gold pieces
 21788 | Orc:2    | 21788 ||| INVOKING Heroism.
 21931 | Orc:2    | 21931 ||| PLANNING SWAMP:1-3
 21931 | Orc:2    | 21931 ||| DROPPING ring of see invisible.
 21932 | Orc:2    | 21932 ||| DROPPING ring of ice.
 21933 | Orc:2    | 21933 ||| UPGRADING to +4 ring of protection.
 22156 | Swamp:1  | Entered Level 1 of the Swamp
 22158 | Swamp:1  | 22158 ||| STAIRDANCE
 22168 | Swamp:1  | 22168 ||| STAIRDANCE
 22173 | Lair:2   | Reached skill level 12 in Dodging
 22260 | Swamp:1  | 22260 ||| RETREATING.
 22261 | Swamp:1  | 22261 ||| INVOKING Heroism.
 22264 | Swamp:1  | 22264 ||| Stepping ~*~*~tactically~*~*~ (retreating).
 22265 | Swamp:1  | 22265 ||| Stepping ~*~*~tactically~*~*~ (retreating).
 22269 | Swamp:1  | 22269 ||| Stepping ~*~*~tactically~*~*~ (retreating).
 22270 | Swamp:1  | HP: 24/112 [spriggan rider/+0 spear (17)]
 22271 | Swamp:1  | 22271 ||| READING 7 scrolls of teleportation.
 22271 | Swamp:1  | HP: 9/112 [goliath frog (4)]
 22272 | Swamp:1  | 22272 ||| DRINKING potion of heal wounds.
 22558 | Swamp:1  | 22558 ||| INVOKING Heroism.
 22697 | Swamp:1  | 22697 ||| INVOKING Heroism.
 22705 | Swamp:1  | 22705 ||| Stepping ~*~*~tactically~*~*~ (outnumbered).
 22706 | Swamp:1  | 22706 ||| Stepping ~*~*~tactically~*~*~ (outnumbered).
 23098 | Swamp:1  | Found a corrupted altar of Lugonu.
 23318 | Swamp:2  | 23318 ||| STAIRDANCE
 23323 | Swamp:1  | 23323 ||| INVOKING Heroism.
 23324 | Swamp:1  | Identified the +1 pair of boots "Rineleikh" {Contam Regen+
                  | MP+9 Stlth+} (Okawaru gifted it to you on level 1 of the
                  | Swamp)
 23324 | Swamp:1  | Received a gift from Okawaru
 23442 | Swamp:1  | 23442 ||| UPGRADING to +1 pair of boots "Rineleikh" {Contam
                  | Regen+ MP+9 Stlth+}.
 23488 | Swamp:2  | 23488 ||| INVOKING Heroism.
 23524 | Swamp:2  | 23524 ||| INVOKING Heroism.
 23527 | Swamp:2  | 23527 ||| Stepping ~*~*~tactically~*~*~ (retreating).
 23699 | Swamp:2  | 23699 ||| FLEEEEING.
 23700 | Swamp:2  | 23700 ||| FLEEEEING.
 23704 | Swamp:2  | 23704 ||| STAIRDANCE
 23714 | Swamp:1  | 23714 ||| DROPPING +1 cloak.
 23717 | Swamp:2  | 23717 ||| STAIRDANCE
 23772 | Swamp:2  | 23772 ||| INVOKING Heroism.
 23882 | Swamp:2  | 23882 ||| INVOKING Heroism.
 23939 | Swamp:2  | Noticed Frances
 23940 | Swamp:2  | 23940 ||| RETREATING.
 23945 | Swamp:2  | 23945 ||| INVOKING Heroism.
 23946 | Swamp:2  | 23946 ||| INVOKING Finesse.
 23948 | Swamp:2  | 23948 ||| Stepping ~*~*~tactically~*~*~ (retreating).
 23949 | Swamp:2  | 23949 ||| Stepping ~*~*~tactically~*~*~ (retreating).
 23950 | Swamp:2  | 23950 ||| Stepping ~*~*~tactically~*~*~ (retreating).
 23951 | Swamp:2  | 23951 ||| Stepping ~*~*~tactically~*~*~ (retreating).
 23953 | Swamp:2  | 23953 ||| Stepping ~*~*~tactically~*~*~ (retreating).
 23954 | Swamp:2  | 23954 ||| Stepping ~*~*~tactically~*~*~ (retreating).
 23955 | Swamp:2  | 23955 ||| Stepping ~*~*~tactically~*~*~ (retreating).
 23956 | Swamp:2  | 23956 ||| Stepping ~*~*~tactically~*~*~ (retreating).
 23961 | Swamp:2  | 23961 ||| Stepping ~*~*~tactically~*~*~ (retreating).
 23962 | Swamp:2  | 23962 ||| Stepping ~*~*~tactically~*~*~ (retreating).
 23965 | Swamp:2  | Killed Frances
 23968 | Swamp:2  | HP: 19/114 [ghoul (15)]
 23969 | Swamp:2  | 23969 ||| READING 7 scrolls of teleportation.
 23973 | Swamp:2  | Reached skill level 18 in Fighting
 23976 | Swamp:2  | 23976 ||| READING 6 scrolls of teleportation.
 23977 | Swamp:2  | 23977 ||| FLEEEEING.
 23981 | Swamp:2  | 23981 ||| READING 5 scrolls of teleportation.
 23985 | Swamp:2  | 23985 ||| READING 4 scrolls of teleportation.
 24190 | Swamp:2  | Reached XP level 17. HP: 120/120 MP: 24/24
 24366 | Swamp:3  | 24366 ||| INVOKING Heroism.
 24367 | Swamp:3  | 24367 ||| INVOKING Finesse.
 24510 | Swamp:3  | 24510 ||| Stepping ~*~*~tactically~*~*~ (retreating).
 24511 | Swamp:3  | 24511 ||| Stepping ~*~*~tactically~*~*~ (retreating).
 24512 | Swamp:3  | 24512 ||| Stepping ~*~*~tactically~*~*~ (retreating).
 24516 | Swamp:3  | 24516 ||| Stepping ~*~*~tactically~*~*~ (cloud).
 24562 | Swamp:3  | Reached skill level 19 in Fighting
 24699 | Swamp:3  | 24699 ||| Stepping ~*~*~tactically~*~*~ (outnumbered).
 24702 | Swamp:3  | 24702 ||| Stepping ~*~*~tactically~*~*~ (outnumbered).
 24704 | Swamp:3  | 24704 ||| Stepping ~*~*~tactically~*~*~ (outnumbered).
 24706 | Swamp:3  | 24706 ||| Stepping ~*~*~tactically~*~*~ (outnumbered).
 24845 | Swamp:3  | 24845 ||| INVOKING Heroism.
 24952 | Swamp:3  | 24952 ||| PLANNING SPIDER:1-3
 25060 | Spider:1 | Entered Level 1 of the Spider Nest
 25074 | Spider:1 | Noticed Asterion
 25075 | Spider:1 | 25075 ||| RETREATING.
 25076 | Spider:1 | 25076 ||| INVOKING Heroism.
 25077 | Spider:1 | 25077 ||| INVOKING Finesse.
 25102 | Spider:1 | Killed Asterion
 25255 | Spider:1 | 25255 ||| Stepping ~*~*~tactically~*~*~ (retreating).
 25341 | Spider:1 | 25341 ||| INVOKING Finesse.
 25490 | Spider:1 | 25490 ||| RETREATING.
 25497 | Spider:1 | 25497 ||| INVOKING Heroism.
 25508 | Spider:1 | 25508 ||| INVOKING Heroism.
 25568 | Spider:1 | 25568 ||| SWAPPING to +5 longbow.
 25569 | Spider:1 | 25569 ||| DROPPING +2 heavy arbalest.
 25570 | Spider:1 | 25570 ||| READING 2 scrolls of brand weapon.
 25570 | Spider:1 | 25570 ||| BRANDING +5 longbow.
 25571 | Spider:1 | 25571 ||| READING scroll of brand weapon.
 25571 | Spider:1 | 25571 ||| BRANDING +5 longbow of flaming.
 25592 | Spider:1 | Found a runed translucent door.
 25594 | Spider:1 | Noticed Zosacw's ghost (adept HaHu)
 25764 | Spider:1 | 25764 ||| DROPPING +1 hat.
 25765 | Spider:1 | 25765 ||| READING 13 scrolls of identify.
 25765 | Spider:1 | 25765 ||| IDENTIFYING lumpy red potion
 25780 | Spider:2 | 25780 ||| Stepping ~*~*~tactically~*~*~ (retreating).
 25782 | Spider:2 | 25782 ||| Stepping ~*~*~tactically~*~*~ (retreating).
 25786 | Spider:2 | 25786 ||| Stepping ~*~*~tactically~*~*~ (retreating).
 25793 | Spider:2 | 25793 ||| INVOKING Finesse.
 25813 | Spider:2 | 25813 ||| Stepping ~*~*~tactically~*~*~ (retreating).
 25846 | Spider:2 | 25846 ||| INVOKING Finesse.
 25848 | Spider:2 | Identified the +2 hat of the Old World {Harm rElec Will-}
                  | (Okawaru gifted it to you on level 2 of the Spider Nest)
 25848 | Spider:2 | Received a gift from Okawaru
 25951 | Spider:2 | 25951 ||| FLEEEEING.
 25952 | Spider:2 | 25952 ||| FLEEEEING.
 25960 | Spider:2 | 25960 ||| FLEEEEING.
 25962 | Spider:2 | 25962 ||| FLEEEEING.
 25963 | Spider:2 | 25963 ||| FLEEEEING.
 25964 | Spider:2 | 25964 ||| FLEEEEING.
 25965 | Spider:2 | 25965 ||| FLEEEEING.
 25966 | Spider:2 | 25966 ||| FLEEEEING.
 25967 | Spider:2 | 25967 ||| FLEEEEING.
 25968 | Spider:2 | 25968 ||| STAIRDANCE
 26003 | Spider:2 | 26003 ||| FLEEEEING.
 26011 | Spider:2 | 26011 ||| RETREATING.
 26016 | Spider:2 | 26016 ||| INVOKING Finesse.
 26023 | Spider:2 | 26023 ||| Stepping ~*~*~tactically~*~*~ (outnumbered).
 26042 | Spider:2 | 26042 ||| Stepping ~*~*~tactically~*~*~ (retreating).
 26043 | Spider:2 | 26043 ||| Stepping ~*~*~tactically~*~*~ (retreating).
 26044 | Spider:2 | 26044 ||| Stepping ~*~*~tactically~*~*~ (retreating).
 26045 | Spider:2 | 26045 ||| Stepping ~*~*~tactically~*~*~ (retreating).
 26049 | Spider:2 | 26049 ||| INVOKING Heroism.
 26113 | Spider:2 | 26113 ||| RETREATING.
 26265 | Spider:2 | 26265 ||| Stepping ~*~*~tactically~*~*~ (retreating).
 26268 | Spider:2 | 26268 ||| Stepping ~*~*~tactically~*~*~ (retreating).
 26269 | Spider:2 | 26269 ||| Stepping ~*~*~tactically~*~*~ (retreating).
 26271 | Spider:2 | 26271 ||| Stepping ~*~*~tactically~*~*~ (retreating).
 26272 | Spider:2 | 26272 ||| Stepping ~*~*~tactically~*~*~ (retreating).
 26273 | Spider:2 | 26273 ||| Stepping ~*~*~tactically~*~*~ (retreating).
 26274 | Spider:2 | 26274 ||| Stepping ~*~*~tactically~*~*~ (retreating).
 26281 | Spider:2 | 26281 ||| Stepping ~*~*~tactically~*~*~ (retreating).
 26282 | Spider:2 | 26282 ||| Stepping ~*~*~tactically~*~*~ (retreating).
 26291 | Spider:2 | 26291 ||| Stepping ~*~*~tactically~*~*~ (retreating).
 26292 | Spider:2 | 26292 ||| Stepping ~*~*~tactically~*~*~ (retreating).
 26293 | Spider:2 | 26293 ||| Stepping ~*~*~tactically~*~*~ (retreating).
 26294 | Spider:2 | 26294 ||| Stepping ~*~*~tactically~*~*~ (retreating).
 26295 | Spider:2 | 26295 ||| Stepping ~*~*~tactically~*~*~ (retreating).
 26297 | Spider:2 | 26297 ||| Stepping ~*~*~tactically~*~*~ (retreating).
 26298 | Spider:2 | 26298 ||| Stepping ~*~*~tactically~*~*~ (retreating).
 26299 | Spider:2 | 26299 ||| Stepping ~*~*~tactically~*~*~ (retreating).
 26305 | Spider:2 | 26305 ||| Stepping ~*~*~tactically~*~*~ (retreating).
 26306 | Spider:2 | 26306 ||| Stepping ~*~*~tactically~*~*~ (retreating).
 26513 | Spider:2 | 26513 ||| INVOKING Finesse.
 26533 | Spider:2 | 26533 ||| INVOKING Heroism.
 26620 | Spider:3 | 26620 ||| RETREATING.
 26622 | Spider:3 | 26622 ||| Stepping ~*~*~tactically~*~*~ (retreating).
 26623 | Spider:3 | 26623 ||| Stepping ~*~*~tactically~*~*~ (retreating).
 26624 | Spider:3 | 26624 ||| Stepping ~*~*~tactically~*~*~ (retreating).
 26625 | Spider:3 | 26625 ||| Stepping ~*~*~tactically~*~*~ (retreating).
 26626 | Spider:3 | 26626 ||| Stepping ~*~*~tactically~*~*~ (retreating).
 26627 | Spider:3 | 26627 ||| Stepping ~*~*~tactically~*~*~ (retreating).
 26628 | Spider:3 | 26628 ||| Stepping ~*~*~tactically~*~*~ (retreating).
 26629 | Spider:3 | 26629 ||| Stepping ~*~*~tactically~*~*~ (retreating).
 26631 | Spider:3 | 26631 ||| INVOKING Heroism.
 26786 | Spider:3 | 26786 ||| RETREATING.
 26787 | Spider:3 | 26787 ||| INVOKING Heroism.
 26788 | Spider:3 | 26788 ||| Stepping ~*~*~tactically~*~*~ (outnumbered).
 26801 | Spider:3 | 26801 ||| Stepping ~*~*~tactically~*~*~ (retreating).
 26804 | Spider:3 | 26804 ||| Stepping ~*~*~tactically~*~*~ (retreating).
 26807 | Spider:3 | 26807 ||| Stepping ~*~*~tactically~*~*~ (retreating).
 26811 | Spider:3 | Reached XP level 18. HP: 126/128 MP: 0/25
 27029 | Spider:3 | 27029 ||| FLEEEEING.
 27030 | Spider:3 | 27030 ||| FLEEEEING.
 27031 | Spider:3 | 27031 ||| FLEEEEING.
 27032 | Spider:3 | 27032 ||| FLEEEEING.
 27033 | Spider:3 | 27033 ||| FLEEEEING.
 27034 | Spider:3 | 27034 ||| FLEEEEING.
 27035 | Spider:3 | 27035 ||| FLEEEEING.
 27036 | Spider:3 | 27036 ||| FLEEEEING.
 27037 | Spider:3 | 27037 ||| FLEEEEING.
 27038 | Spider:3 | 27038 ||| FLEEEEING.
 27039 | Spider:3 | 27039 ||| FLEEEEING.
 27040 | Spider:3 | 27040 ||| FLEEEEING.
 27041 | Spider:3 | 27041 ||| STAIRDANCE
 27241 | Spider:3 | 27241 ||| Stepping ~*~*~tactically~*~*~ (outnumbered).
 27245 | Spider:3 | 27245 ||| RETREATING.
 27248 | Spider:3 | 27248 ||| Stepping ~*~*~tactically~*~*~ (outnumbered).
 27397 | Spider:3 | 27397 ||| PLANNING SWAMP:4
 27553 | Swamp:4  | Entered Level 4 of the Swamp
 27617 | Swamp:4  | Reached skill level 9 in Armour
 27645 | Swamp:4  | 27645 ||| INVOKING Heroism.
 27654 | Swamp:4  | 27654 ||| RETREATING.
 27721 | Swamp:4  | 27721 ||| INVOKING Heroism.
 27729 | Swamp:4  | 27729 ||| RETREATING.
 27740 | Swamp:4  | 27740 ||| Stepping ~*~*~tactically~*~*~ (outnumbered).
 27831 | Swamp:4  | 27831 ||| INVOKING Heroism.
 27893 | Swamp:4  | 27893 ||| Stepping ~*~*~tactically~*~*~ (outnumbered).
 27896 | Swamp:4  | 27896 ||| RETREATING.
 27898 | Swamp:4  | 27898 ||| Stepping ~*~*~tactically~*~*~ (outnumbered).
 27899 | Swamp:4  | 27899 ||| Stepping ~*~*~tactically~*~*~ (outnumbered).
 27903 | Swamp:4  | 27903 ||| Stepping ~*~*~tactically~*~*~ (outnumbered).
 27908 | Swamp:4  | 27908 ||| Stepping ~*~*~tactically~*~*~ (outnumbered).
 27954 | Swamp:4  | 27954 ||| INVOKING Heroism.
 27970 | Swamp:4  | Identified the +9 longbow of Blood {flame, rC+ rCorr SInv}
                  | (Okawaru gifted it to you on level 4 of the Swamp)
 27970 | Swamp:4  | Received a gift from Okawaru
 27972 | Swamp:4  | 27972 ||| SWAPPING to +9 longbow of Blood {flame, rC+ rCorr
                  | SInv}.
 27973 | Swamp:4  | 27973 ||| DROPPING +5 longbow of freezing.
 27987 | Swamp:4  | 27987 ||| RETREATING.
 28002 | Swamp:4  | Noticed a tentacled monstrosity
 28003 | Swamp:4  | 28003 ||| INVOKING Heroism.
 28004 | Swamp:4  | 28004 ||| INVOKING Finesse.
 28006 | Swamp:4  | 28006 ||| RETREATING.
 28013 | Swamp:4  | Killed a tentacled monstrosity
 28014 | Swamp:4  | Reached skill level 20 in Fighting
 28055 | Swamp:4  | 28055 ||| RETREATING.
 28057 | Swamp:4  | 28057 ||| Stepping ~*~*~tactically~*~*~ (retreating).
 28058 | Swamp:4  | 28058 ||| RETREATING.
 28060 | Swamp:4  | 28060 ||| Stepping ~*~*~tactically~*~*~ (retreating).
 28090 | Swamp:4  | 28090 ||| Stepping ~*~*~tactically~*~*~ (outnumbered).
 28092 | Swamp:4  | 28092 ||| Stepping ~*~*~tactically~*~*~ (outnumbered).
 28096 | Swamp:4  | 28096 ||| RETREATING.
 28098 | Swamp:4  | 28098 ||| Stepping ~*~*~tactically~*~*~ (outnumbered).
 28115 | Swamp:4  | Got a decaying rune of Zot
 28149 | Swamp:4  | 28149 ||| Stepping ~*~*~tactically~*~*~ (outnumbered).
 28314 | Swamp:4  | 28314 ||| PLANNING VAULTS:1-4
 28564 | Vaults:1 | Entered Level 1 of the Vaults
 28565 | Vaults:1 | 28565 ||| PLANNING DESOLATION
 28621 | Vaults:1 | 28621 ||| RETREATING.
 28623 | Vaults:1 | Identified the +1 ring mail of the Cooper {Drain Str+2
                  | Stlth+} (Okawaru gifted it to you on level 1 of the Vaults)
 28623 | Vaults:1 | Received a gift from Okawaru
 28703 | Vaults:1 | 28703 ||| RETREATING.
 28704 | Vaults:1 | 28704 ||| Stepping ~*~*~tactically~*~*~ (retreating).
 28705 | Vaults:1 | 28705 ||| Stepping ~*~*~tactically~*~*~ (retreating).
 28706 | Vaults:1 | 28706 ||| Stepping ~*~*~tactically~*~*~ (retreating).
 28707 | Vaults:1 | 28707 ||| Stepping ~*~*~tactically~*~*~ (retreating).
 28708 | Vaults:1 | 28708 ||| Stepping ~*~*~tactically~*~*~ (retreating).
 28709 | Vaults:1 | 28709 ||| Stepping ~*~*~tactically~*~*~ (retreating).
 28710 | Vaults:1 | 28710 ||| Stepping ~*~*~tactically~*~*~ (retreating).
 28811 | Vaults:1 | 28811 ||| RETREATING.
 28992 | Vaults:1 | 28992 ||| RETREATING.
 29088 | Vaults:1 | 29088 ||| RETREATING.
 29134 | Vaults:1 | 29134 ||| FLEEEEING.
 29135 | Vaults:1 | 29135 ||| FLEEEEING.
 29136 | Vaults:1 | 29136 ||| FLEEEEING.
 29137 | Vaults:1 | 29137 ||| FLEEEEING.
 29139 | Vaults:1 | 29139 ||| FLEEEEING.
 29140 | Vaults:1 | 29140 ||| FLEEEEING.
 29141 | Vaults:1 | 29141 ||| FLEEEEING.
 29142 | Vaults:1 | 29142 ||| FLEEEEING.
 29143 | Vaults:1 | 29143 ||| FLEEEEING.
 29144 | Vaults:1 | 29144 ||| FLEEEEING.
 29145 | Vaults:1 | 29145 ||| FLEEEEING.
 29146 | Vaults:1 | 29146 ||| FLEEEEING.
 29147 | Vaults:1 | 29147 ||| FLEEEEING.
 29148 | Vaults:1 | 29148 ||| FLEEEEING.
 29149 | Vaults:1 | 29149 ||| FLEEEEING.
 29150 | Vaults:1 | 29150 ||| FLEEEEING.
 29151 | Vaults:1 | 29151 ||| FLEEEEING.
 29152 | Vaults:1 | 29152 ||| FLEEEEING.
 29153 | Vaults:1 | 29153 ||| FLEEEEING.
 29154 | Vaults:1 | 29154 ||| FLEEEEING.
 29160 | Vaults:1 | 29160 ||| FLEEEEING.
 29161 | Vaults:1 | 29161 ||| FLEEEEING.
 29162 | Vaults:1 | 29162 ||| FLEEEEING.
 29163 | Vaults:1 | 29163 ||| FLEEEEING.
 29164 | Vaults:1 | 29164 ||| FLEEEEING.
 29165 | Vaults:1 | 29165 ||| FLEEEEING.
 29166 | Vaults:1 | 29166 ||| FLEEEEING.
 29167 | Vaults:1 | 29167 ||| FLEEEEING.
 29168 | Vaults:1 | 29168 ||| FLEEEEING.
 29169 | Vaults:1 | 29169 ||| FLEEEEING.
 29170 | Vaults:1 | 29170 ||| FLEEEEING.
 29171 | Vaults:1 | 29171 ||| FLEEEEING.
 29172 | Vaults:1 | 29172 ||| FLEEEEING.
 29173 | Vaults:1 | 29173 ||| FLEEEEING.
 29174 | Vaults:1 | 29174 ||| FLEEEEING.
 29175 | Vaults:1 | 29175 ||| FLEEEEING.
 29179 | Vaults:1 | 29179 ||| STAIRDANCE
 29360 | Vaults:1 | 29360 ||| RIP DESOLATION
 29362 | Vaults:1 | 29362 ||| PLANNING VAULTS:1-4
 29363 | Vaults:1 | 29363 ||| Stepping ~*~*~tactically~*~*~ (outnumbered).
 29364 | Vaults:1 | 29364 ||| FLEEEEING.
 29365 | Vaults:1 | 29365 ||| FLEEEEING.
 29366 | Vaults:1 | 29366 ||| RETREATING.
 29494 | Vaults:1 | 29494 ||| DROPPING +1 ring mail of the Cooper {Drain Str+2
                  | Stlth+}.
 29497 | Vaults:1 | 29497 ||| Stepping ~*~*~tactically~*~*~ (outnumbered).
 29499 | Vaults:1 | 29499 ||| Stepping ~*~*~tactically~*~*~ (outnumbered).
 29501 | Vaults:1 | 29501 ||| Stepping ~*~*~tactically~*~*~ (outnumbered).
 29503 | Vaults:1 | 29503 ||| Stepping ~*~*~tactically~*~*~ (outnumbered).
 29505 | Vaults:1 | 29505 ||| Stepping ~*~*~tactically~*~*~ (outnumbered).
 29518 | Vaults:1 | 29518 ||| Stepping ~*~*~tactically~*~*~ (outnumbered).
 29520 | Vaults:1 | 29520 ||| Stepping ~*~*~tactically~*~*~ (outnumbered).
 29522 | Vaults:1 | 29522 ||| Stepping ~*~*~tactically~*~*~ (retreating).
 29531 | Vaults:1 | 29531 ||| INVOKING Heroism.
 29656 | Vaults:1 | 29656 ||| Stepping ~*~*~tactically~*~*~ (outnumbered).
 29659 | Vaults:1 | 29659 ||| Stepping ~*~*~tactically~*~*~ (outnumbered).
 29663 | Vaults:1 | 29663 ||| Stepping ~*~*~tactically~*~*~ (outnumbered).
 29796 | Vaults:1 | Reached XP level 19. HP: 136/136 MP: 26/26
 29803 | Vaults:1 | 29803 ||| INVOKING Heroism.
 29863 | Vaults:1 | Reached skill level 21 in Fighting
 30001 | Vaults:1 | 30001 ||| FLEEEEING.
 30002 | Vaults:1 | 30002 ||| FLEEEEING.
 30003 | Vaults:1 | 30003 ||| FLEEEEING.
 30004 | Vaults:1 | 30004 ||| FLEEEEING.
 30005 | Vaults:1 | 30005 ||| FLEEEEING.
 30006 | Vaults:1 | 30006 ||| FLEEEEING.
 30028 | Vaults:1 | Received a gift from Okawaru
 30030 | Vaults:1 | 30030 ||| DROPPING +2 longbow of flaming.
 30295 | Vaults:1 | 30295 ||| DROPPING +6 ring of strength.
 30296 | Vaults:1 | 30296 ||| UPGRADING to +4 ring of protection.
 30298 | Vaults:1 | 30298 ||| DROPPING ring of protection from cold.
 30422 | Vaults:1 | 30422 ||| Stepping ~*~*~tactically~*~*~ (outnumbered).
 30424 | Vaults:1 | 30424 ||| RETREATING.
 30428 | Vaults:1 | 30428 ||| Stepping ~*~*~tactically~*~*~ (retreating).
 30434 | Vaults:1 | 30434 ||| Stepping ~*~*~tactically~*~*~ (retreating).
 30564 | Vaults:2 | Identified the +0 plate armour of Gozag's Supremacy {Dex+3}
 30655 | Vaults:2 | 30655 ||| Stepping ~*~*~tactically~*~*~ (retreating).
 30665 | Vaults:2 | 30665 ||| FLEEEEING.
 30666 | Vaults:2 | 30666 ||| FLEEEEING.
 30667 | Vaults:2 | 30667 ||| FLEEEEING.
 30668 | Vaults:2 | 30668 ||| FLEEEEING.
 30669 | Vaults:2 | 30669 ||| FLEEEEING.
 30678 | Vaults:2 | 30678 ||| FLEEEEING.
 30679 | Vaults:2 | 30679 ||| FLEEEEING.
 30680 | Vaults:2 | 30680 ||| FLEEEEING.
 30719 | Vaults:2 | 30719 ||| INVOKING Heroism.
 30720 | Vaults:2 | 30720 ||| INVOKING Finesse.
 30812 | Vaults:2 | 30812 ||| RETREATING.
 30826 | Vaults:2 | 30826 ||| FLEEEEING.
 30827 | Vaults:2 | 30827 ||| FLEEEEING.
 30828 | Vaults:2 | 30828 ||| FLEEEEING.
 30829 | Vaults:2 | 30829 ||| FLEEEEING.
 30830 | Vaults:2 | 30830 ||| FLEEEEING.
 30831 | Vaults:2 | 30831 ||| FLEEEEING.
 30832 | Vaults:2 | 30832 ||| FLEEEEING.
 30833 | Vaults:2 | 30833 ||| FLEEEEING.
 30834 | Vaults:2 | 30834 ||| FLEEEEING.
 30835 | Vaults:2 | 30835 ||| FLEEEEING.
 30836 | Vaults:2 | 30836 ||| FLEEEEING.
 30837 | Vaults:2 | 30837 ||| FLEEEEING.
 30838 | Vaults:2 | 30838 ||| FLEEEEING.
 30839 | Vaults:2 | 30839 ||| FLEEEEING.
 30840 | Vaults:2 | 30840 ||| FLEEEEING.
 30841 | Vaults:2 | 30841 ||| FLEEEEING.
 30842 | Vaults:2 | 30842 ||| FLEEEEING.
 30843 | Vaults:2 | 30843 ||| FLEEEEING.
 30898 | Vaults:2 | Received a gift from Okawaru
 30912 | Vaults:2 | Reached skill level 15 in Dodging
 31120 | Vaults:2 | 31120 ||| Stepping ~*~*~tactically~*~*~ (outnumbered).
 31129 | Vaults:2 | 31129 ||| Stepping ~*~*~tactically~*~*~ (outnumbered).
 31132 | Vaults:2 | 31132 ||| Stepping ~*~*~tactically~*~*~ (outnumbered).
 31134 | Vaults:2 | 31134 ||| Stepping ~*~*~tactically~*~*~ (outnumbered).
 31170 | Vaults:2 | 31170 ||| RETREATING.
 31193 | Vaults:2 | 31193 ||| RETREATING.
 31203 | Vaults:2 | HP: 10/137 [fire giant/bolt of fire (52)]
 31204 | Vaults:2 | 31204 ||| READING 9 scrolls of teleportation.
 31205 | Vaults:2 | Killed from afar by a fire giant

Levels and vault maps discovered:
D:1:      psy_arrival_statuary, layout_basic,
          shapermc_ecumenical_altar_hornbeckon, minmay_misc_feat_five
D:2:      kb_forest_paths, layout_basic
D:3:      layout_rooms, jmf_multi_god_temple2, minmay_tree_intersection
D:4:      layout_basic, temple_fountains
D:5:      layout_cave_pools, chequers_garden, nicolae_shop_i_like_big_books,
          uniq_eustachio
D:6:      layout_cave_pods, nicolae_qazlal_general_emergency,
          minmay_unpleasant_kobolds, uniq_pikel, uniq_jeremiah
D:7:      layout_basic, grunt_dithmenos_smoke_and_mirrors
D:8:      layout_rooms, lemuel_doored_altar, lair_entry_dummy, uniq_grum
D:9:      layout_loops_corners
D:10:     layout_gridville, lemuel_coloured_pillars_altar,
          gammafunk_ghost_spectres, minmay_fractal_squares_gapless_7
D:11:     layout_small_grid, minmay_orc_entry_temple_small,
          hellmonk_ghost_big_iron, okawaru_ov_weapons_minmay
D:12:     lemuel_castle_with_subvaults [lemuel_castle_interior_original],
          layout_irregular_city, fedhas_ov_isle_minmay, uniq_kirke
D:13:     layout_cave_pools, david_vaults_3, serial_shops, nicolae_shop_trees
D:14:     layout_roguey, nicolae_two_hexagons, uniq_snorg, uniq_josephine
D:15:     grunt_enter_depths_giant_problem, layout_basic
Temple:   compressed_dpeg_triangle_lava_temple
Lair:1:   layout_regular_city
Lair:2:   layout_loops_ring, skrybe_swamp_entry_bodies, special_room
          [special_room_bee]
Lair:3:   layout_regular_city, spider_nest_entry_funnel_web, uniq_rupert,
          uniq_amaemon
Lair:4:   layout_cave_pods, gammafunk_ghost_abyssal_escape,
          hangedman_lair_unloving_vines
Lair:5:   evil_forest, layout_layer_cave, slime_entry_1, enter_volcano_4
Swamp:1:  layout_falls_marsh, evilmike_swamp_ruin_house_4, swamp_pool4,
          amcnicky_altar_lugonu_corruption
Swamp:2:  layout_basic_swamp, evilmike_swamp_ruin_rubble_2,
          infiniplex_staircase_pool, uniq_frances
Swamp:3:  layout_basic_swamp, evilmike_swamp_ruin_house_5, swamp_pool5
Swamp:4:  swamp_vile, layout_basic_swamp
Spider:1: layout_spider_delve, gammafunk_ghost_grave, beargit_elvish_explorers,
          uniq_asterion
Spider:2: layout_spider_delve, drop_trap
Spider:3: layout_spider_delve
Orc:1:    layout_diamond_mine, basic_altar
Orc:2:    st_orc_elflike, layout_caves, serial_shops, shop,
          gauntlet_entry_generic
Vaults:1: portal_desolation_entry_ruin, hangedman_vaults_stagger,
          nicolae_vaults_network_star, nicolae_vaults_know_your_exits,
          grunt_vaults_twisty, v_misc_3, nicolae_vaults_double_plus_2,
          nicolae_vaults_variable_pillar_hall, layout_vaults_omnigrid
Vaults:2: v_pattern_1, hangedman_vaults_unwind,
          vaults_standard_mumra_enter_the_diamond, vaults_mumra_minichess,
          nicolae_vaults_variable_pillar_hall_cross, st_more_cells, v_misc_5,
          ontoclasm_vaults_chip, nicolae_vaults_tetromino_Z_1,
          nicolae_vaults_variable_pillar_hall, layout_vaults_chaotic_city

Skill      XL: |  1  2  3  4  5  6  7  8  9 10 11 12 13 14 15 16 17 18 19 |
---------------+----------------------------------------------------------+-----
Ranged Weapons | 5 6 7 8 10 13 14 16 17 18 19 20 | 20.0
Fighting       | 3 4 5 7 8 10 11 14 16 18 19 20 21 | 21.2
Dodging        | 2 5 6 7 9 11 12 13 14 15 | 15.0
Invocations    | 3 4 6 9 10 | 10.0
Armour         | 1 3 4 6 8 9 10 | 10.0
Stealth        | |  1.1

Action                     |  1- 3 |  4- 6 |  7- 9 | 10-12 | 13-15 | 16-18 | 19-21 || total
---------------------------+-------+-------+-------+-------+-------+-------+-------++-------
   Fire: Shortbow          |   108 |   100 |       |       |       |       |       ||   208
         Orcbow            |       |    38 |   187 |       |       |       |       ||   225
         Arbalest          |       |       |    48 |   478 |  1099 |   569 |       ||  2194
         Longbow           |       |       |       |       |       |   853 |   278 ||  1131
 Invoke: Heroism           |       |     1 |    16 |    33 |    25 |    35 |     2 ||   112
         Finesse           |       |       |       |       |     6 |     9 |     1 ||    16
    Use: Scroll            |     2 |     7 |     4 |     6 |    12 |     9 |     1 ||    41
         Potion            |     1 |     3 |       |     6 |     4 |     1 |       ||    15
 Armour: Leather armour    |    27 |    10 |       |       |       |       |       ||    37
         Robe              |       |    29 |    95 |   181 |   353 |   604 |    46 ||  1308
  Dodge: Dodged            |    28 |    67 |   154 |   390 |   590 |  1012 |    69 ||  2310

Table legend:
 A = Non-vault XP
 B = Vault XP
 C = Vault XP percentage of total XP
 D = Non-vault monster count
 E = Vault monster count
 F = Vault count percentage of total count
                 A         B        C        D         E       F
            +---------+---------+-------+---------+---------+-------
      Total |  244955 |  117530 |  32.4 |     790 |     286 |  26.6
            +---------+---------+-------+---------+---------+-------
        D:1 |      50 |       0 |   0.0 |      26 |       0 |   0.0
        D:2 |      32 |      10 |  23.8 |      11 |       6 |  35.3
        D:3 |      56 |       0 |   0.0 |      16 |       0 |   0.0
        D:4 |     271 |       0 |   0.0 |      18 |       0 |   0.0
        D:5 |     843 |     197 |  18.9 |      20 |       1 |   4.8
        D:6 |     596 |    1281 |  68.2 |      15 |       8 |  34.8
        D:7 |    1067 |       0 |   0.0 |      21 |       0 |   0.0
        D:8 |    2373 |     412 |  14.8 |      23 |       3 |  11.5
        D:9 |    2220 |       0 |   0.0 |      29 |       0 |   0.0
       D:10 |    2939 |    2980 |  50.3 |      24 |       6 |  20.0
       D:11 |    1683 |    1656 |  49.6 |       5 |       8 |  61.5
       D:12 |    5074 |   16359 |  76.3 |      19 |      55 |  74.3
       D:13 |    3514 |    7456 |  68.0 |      11 |      20 |  64.5
       D:14 |   13399 |    2717 |  16.9 |      22 |       6 |  21.4
       D:15 |    5381 |    1257 |  18.9 |      13 |       1 |   7.1
     Lair:1 |    3111 |       0 |   0.0 |      14 |       0 |   0.0
     Lair:2 |    7519 |    3052 |  28.9 |      25 |      26 |  51.0
     Lair:3 |    7245 |    2972 |  29.1 |      29 |       7 |  19.4
     Lair:4 |    8742 |       0 |   0.0 |      23 |       0 |   0.0
     Lair:5 |   13979 |   11339 |  44.8 |      45 |      26 |  36.6
    Swamp:1 |    9731 |       0 |   0.0 |      21 |       0 |   0.0
    Swamp:2 |   18301 |    1493 |   7.5 |      33 |       1 |   2.9
    Swamp:3 |   14118 |     406 |   2.8 |      22 |       3 |  12.0
    Swamp:4 |   12461 |   20135 |  61.8 |      32 |      28 |  46.7
   Spider:1 |    8808 |    4926 |  35.9 |      23 |       6 |  20.7
   Spider:2 |   25228 |       0 |   0.0 |      62 |       0 |   0.0
   Spider:3 |   19855 |       0 |   0.0 |      49 |       0 |   0.0
      Orc:1 |    3814 |       0 |   0.0 |      48 |       0 |   0.0
      Orc:2 |    3786 |    8122 |  68.2 |      19 |      25 |  56.8
   Vaults:1 |   29147 |   17593 |  37.6 |      44 |      25 |  36.2
   Vaults:2 |   19547 |    8470 |  30.2 |      27 |      12 |  30.8
    Abyss:2 |      65 |       0 |   0.0 |       1 |       0 |   0.0
   Gauntlet |       0 |    4697 | 100.0 |       0 |      13 | 100.0
            +---------+---------+-------+---------+---------+-------
